 Dungeon Crawl Stone Soup version 0.17.0-28-g6e173f8 (webtiles) character file.

28 devil the Vandal (level 2, 27/27 HPs)
             Began as a Troll Hunter on Nov 24, 2015.
             Starved to death
             ... on level 1 of the Dungeon.
             The game lasted 00:06:46 (653 turns).

devil the Vandal (Troll Hunter)                      Turns: 653, Time: 00:06:46

Health: 27/27      AC:  5    Str: 19    XL:     2   Next: 96%
Magic:  1/1        EV: 10    Int:  7    God:
Gold:   42         SH:  0    Dex: 12    Spells: 0 memorised, 1 level left

rFire  . . .     SeeInvis .     a - +1 hunting sling
rCold  . . .     Clarity  .     c - +0 robe
rNeg   . . .     SustAt   .     (no shield)
rPois  .         Gourm    +     (helmet restricted)
rElec  .         Spirit   .     (no cloak)
rCorr  .         Warding  .     (gloves unavailable)
rMut   .         Stasis   .     (boots unavailable)
MR     .....                    (no amulet)
Stlth  +.........               (no ring)
                                (no ring)

@: fainting, not resistant to hostile enchantments, very unstealthy
A: unfitting armour, claws 3, hooves 1, agile 1, fast metabolism 3, gourmand,
regeneration 2, shaggy fur 1, tough skin 2
a: no special abilities


You were on level 1 of the Dungeon.
You were fainting.

You visited 1 branch of the dungeon, and saw 1 of its levels.

You collected 42 gold pieces.

Inventory:

Hand Weapons
 a - a +1 hunting sling (weapon)
 b - a +0 short sword
 h - a +0 club
 m - a +0 club
 s - a +0 short sword
Missiles
 d - 40 sling bullets (quivered)
 q - 30 stones
Armour
 c - a +0 robe (worn)
 i - a +0 robe
 n - a +0 leather armour
 r - a +2 pair of gloves
Jewellery
 j - an uncursed ring of sustain attributes {unknown}
 o - a cursed ring of loudness {unknown}
Scrolls
 k - a scroll of amnesia {unknown}
 l - a scroll of identify {unknown}
 p - a scroll of remove curse {unknown}
Comestibles
 e - 2 bread rations
 f - 2 beef jerkies
 g - a slice of pizza


   Skills:
 + Level 1.6 Fighting
 + Level 3.2 Slings
 + Level 1.7 Dodging
 + Level 0.4 Stealth


You had one spell level left.
You didn't know any spells.

Dungeon Overview and Level Annotations

Branches:
Dungeon (1/15)

Altars:


Innate Abilities, Weirdness & Mutations

You are too large for most types of armour.
You have claws for hands.
Your metabolism is lightning-fast.
You like to eat raw meat.
You heal very quickly.
You are covered in fur (AC +1).
You have very tough skin (AC +2).
You have large cloven feet.
You are agile. (Dex +2)


Message History

The ball python bites you but does no damage.
Firing (i - inventory. (,) - cycle):
d - 38 sling bullets (quivered)
Press: ? - help, Shift-Dir - straight line, f/p - ball python
Aim: a ball python You shoot a sling bullet.
The sling bullet hits the ball python.
The ball python is severely wounded.
The ball python barely misses you.
Firing (i - inventory. (,) - cycle):
d - 37 sling bullets (quivered)
Press: ? - help, Shift-Dir - straight line, f/p - ball python
Aim: a ball python (severely wounded)
You shoot a sling bullet. The sling bullet hits the ball python.
You kill the ball python!
d - 38 sling bullets (gained 2)
There are no items here.
d - 39 sling bullets (gained 1)
There are no items here.
d - 40 sling bullets (gained 1)
There are no items here.
You have starved to death.
You die...

*,,,,,,***#######.## #..#......#
*,,,,,,,,,......>.####..#.......
*,,,,,,,,,................>.....
**,,,,****#######...............
****** ##..##.........##
##...##....#..####
#.......#.......).
##..#.####...##.### ######.@...#
#...###.# ##.......#.## #.#.#
#.#** #......†...# ##...# #..,,
#.....#†######...## ###*,
#.......# #.....# *,
#......#####.##.## *,
#.....###....##.# **
##............##.# *
####......###.......# *


There were no monsters in sight!

Vanquished Creatures
  An ooze (D:1)
  2 giant geckos (D:1)
  2 ball pythons (D:1)
  A giant cockroach (D:1)
  2 goblins (D:1)
  4 hobgoblins (D:1)
  2 kobolds (D:1)
  2 bats (D:1)
  3 giant newts (D:1)
  2 rats (D:1)
21 creatures vanquished.

Notes
Turn   | Place    | Note
--------------------------------------------------------------
     0 | D:1      | devil the Troll Hunter began the quest for the Orb.
     0 | D:1      | Reached XP level 1. HP: 19/19 MP: 0/0
    86 | D:1      | Reached skill level 3 in Slings
   101 | D:1      | Reached XP level 2. HP: 27/27 MP: 1/1
   330 | D:1      | Gained mutation: You are agile. (Dex +2) [potion of mutation]
   330 | D:1      | Gained mutation: You have large cloven feet. [potion of mutation]
   653 | D:1      | Starved to death

Action                   || total
-------------------------++-------
 Fire: Hunting sling     ||    58
  Use: Potion            ||     2
       Scroll            ||     1
